 Dungeon Crawl Stone Soup version 0.24-a0-201-gf205589 (webtiles) character file.

Game seed: 8876980146278831615

5513 JeffiDaFish the Thaumaturge (level 10, -2/44 HPs)
             Began as a Spriggan Necromancer on Mar 16, 2019.
             Was a Believer of Kikubaaqudgha.
             Slain by a spiny frog (25 damage)
             ... on level 1 of the Lair of Beasts on Mar 22, 2019.
             The game lasted 00:47:09 (12433 turns).

JeffiDaFish the Thaumaturge (Spriggan Necromancer) Turns: 12433, Time: 00:47:14

Health: -2/44      AC:  4    Str:  4    XL:     10   Next: 43%
Magic:  18/26      EV: 23    Int: 26    God:    Kikubaaqudgha [**....]
Gold:   428        SH:  0    Dex: 17    Spells: 17/32 levels left

rFire    + . .     SeeInvis +   e - +0 dagger (venom)
rCold    . . .     Gourm    .   (shield restricted)
rNeg     . . .     Faith    .   m - +1 robe {MR+}
rPois    +         Spirit   .   (helmet restricted)
rElec    .         Reflect  .   r - +0 cloak
rCorr    .         Harm     .   (gloves unavailable)
MR       +++..                  (boots unavailable)
Stlth    ++........             (no amulet)
HPRegen  0.14/turn              d - +2 ring of intelligence
MPRegen  0.20/turn              v - ring of the Furies {rPois rF+ MR+ Int+4}

@: very quick
A: very small, unfitting armour, see invisible, herbivore, speed 3, slow
metabolism 2
a: Receive Corpses, Renounce Religion


You were on level 1 of the Lair of Beasts.
You worshipped Kikubaaqudgha.
Kikubaaqudgha was pleased with you.
You were near starving.

You visited 3 branches of the dungeon, and saw 11 of its levels.

You collected 535 gold pieces.
You spent 107 gold pieces at shops.

Inventory:

Hand Weapons
 e - a +0 dagger of venom (weapon)
Armour
 m - a +1 robe of magic resistance (worn)
 r - a +0 cloak (worn)
Magical Staves
 u - an uncursed staff of conjuration
Jewellery
 d - a +2 ring of intelligence (left hand)
 f - an uncursed ring of ice {unknown}
 t - the ring "Ynitwol" {+Fly rElec}
   (You found it on level 7 of the Dungeon)

   [ring of flight]

   It insulates you from electricity.
   It lets you fly.
 v - the ring of the Furies (right hand) {rPois rF+ MR+ Int+4}
   (You found it on level 7 of the Dungeon)

   [ring of protection from magic]

   It affects your intelligence (+4).
   It protects you from fire.
   It protects you from poison.
   It affects your resistance to hostile enchantments.
 w - an uncursed ring of ice {unknown}
Wands
 l - a wand of flame (23)
 q - a wand of digging (4)
Scrolls
 a - 2 scrolls of fog
 b - 2 scrolls of amnesia
 g - a scroll of immolation
 j - 5 scrolls of identify
 o - 2 scrolls of magic mapping
 s - 5 scrolls of remove curse
Potions
 h - a potion of heal wounds
 i - a potion of flight
 k - a potion of might
 n - 6 potions of curing
 p - 2 potions of invisibility
Comestibles
 c - 17 rations


   Skills:
 + Level 4.1 Short Blades
 - Level 8.0 Dodging
 - Level 3.2 Stealth
 * Level 11.5 Spellcasting
 + Level 5.1 Hexes
 * Level 9.5 Necromancy


You had 17 spell levels left.
You knew the following spells:

 Your Spells              Type           Power        Failure   Level  Hunger
a - Pain                  Necr           ####         1%          1    None
b - Animate Skeleton      Necr           N/A          1%          1    None
c - Vampiric Draining     Necr           ######....   1%          3    None
d - Regeneration          Chrm/Necr      #####.....   1%          3    None
e - Animate Dead          Necr           N/A          1%          4    None
f - Dazzling Spray        Conj/Hex       ####..       4%          3    None

Your spell library contained the following spells:

 Spells                   Type           Power        Failure   Level  Hunger
 Corpse Rot               Necr           N/A          1%          2    None
 Sublimation of Blood     Necr           ######....   1%          2    None
 Magic Dart               Conj           ##..         4%          1    None
 Searing Ray              Conj           ##....       6%          2    None
 Fulminant Prism          Conj/Hex       ####......   14%         4    None
 Force Lance              Conj/Tloc      ##......     36%         4    None
 Iskenderun's Mystic Bla  Conj           ##......     36%         4    None


Dungeon Overview and Level Annotations

Branches:
Dungeon (9/15)             Temple (1/1) D:6            Lair (1/6) D:9
    Orc (0/2) D:9

Altars:
Ashenzari
Cheibriados
Dithmenos
Fedhas
Gozag
Hepliaklqana
Kikubaaqudgha
Makhleb
Nemelex Xobeh
Okawaru
Qazlal
Ru
Sif Muna
Trog
Uskayaw
Vehumet
Wu Jian
Xom
Yredelemnul
Zin
The Shining One

Shops:
D:7 [

Annotations:
D:4 Grinder
D:8 MsNecromancer's ghost, novice MiNe
D:9 3 runed translucent doors, sokol815's ghost, novice OpFi
Lair:1 3 runed translucent doors, Harold


Innate Abilities, Weirdness & Mutations

You are very small and have problems with some larger weapons.
You are too small for most types of armour.
You have supernaturally acute eyesight. (SInv)
You are a herbivore.
You cover ground extremely quickly.
You need to consume almost no food.


Message History

Confirm with . or Enter, or press ? or * to list all spells.
Aiming: Vampiric Draining (safe; 1% risk of failure)
Press: ? - help, Shift-Dir - straight line, f/p - spiny frog
Aim: a spiny frog (moderately wounded)
The spiny frog is heavily wounded.
You feel life coursing into your body. The spiny frog stings you!
Your bullfrog skeleton hits the spiny frog but does no damage.
The spiny frog misses you.
Casting: Vampiric Draining (safe; 1% risk of failure)
Confirm with . or Enter, or press ? or * to list all spells.
Aiming: Vampiric Draining (safe; 1% risk of failure)
Press: ? - help, Shift-Dir - straight line, f/p - spiny frog
Aim: a spiny frog (heavily wounded)
The spiny frog is almost dead.
You feel life coursing into your body.
Your bullfrog skeleton hits the spiny frog.
The spiny frog stings you!!
Ouch! That really hurt!
You die...
Kikubaaqudgha rasps: "You have failed me!
Welcome... death!"

..........
#.........
#.........
#..).F.... ##..##
#P...# #...## ##ZF#
#.@## ... #...#
#...# #..## ......
#..# ..#.... #..##
#.#...# #..P#
#.#.... #..####
####.....#
#..##.####.##.....#
#>............#...#


You could see a spiny frog and a friendly bullfrog skeleton.

Vanquished Creatures
  Prince Ribbit (D:5)
  3 hippogriffs
  2 wyverns
  Sigmund (D:4)
  3 yaks
  A basilisk (D:9)
  Duvessa (D:4)
  2 orc warriors
  3 black bears
  2 phantoms (D:8)
  3 centaurs
  3 ogres (D:9)
  A crocodile (Lair:1)
  Blork the orc (D:5)
  4 bullfrogs
  Dowan (D:4)
  2 scorpions
  7 killer bees
  5 crimson imps
  A centaur zombie (D:6)
  A jelly (D:9)
  4 hounds
  Crazy Yiuf (D:5)
  3 orc wizards (D:9)
  A centaur skeleton (D:9)
  An iguana (D:9)
  3 worker ants
  A hound skeleton (D:4)
  2 worker ant zombies
  6 adders
  A gnoll (D:4)
  2 worms (D:2)
  A dart slug (D:2)
  7 leopard geckos
  23 orcs
  2 ball pythons (D:3)
  5 bats
  2 giant cockroaches
  6 goblins
  8 hobgoblins
  4 jackals (D:6)
  13 kobolds
  4 quokkas
  10 frilled lizards
  A leopard gecko skeleton (D:4)
  7 rats
166 creatures vanquished.

Vanquished Creatures (collateral kills)
  A spiny frog (Lair:1)
  A spriggan (D:7)
  A basilisk (D:9)
  2 yaks (D:8)
  A necrophage (D:9)
  A phantom (D:9)
  2 centaurs (D:7)
  A bullfrog (D:9)
  A hound (D:9)
  An orc priest (D:9)
  A centaur skeleton (D:7)
  A jelly (D:9)
  Jessica (D:2)
  A shadow imp (D:7)
  3 orcs (D:9)
  A goblin (D:4)
  A rat (D:1)
21 creatures vanquished.

Vanquished Creatures (others)
  6 plants (D:9)
6 creatures vanquished.

Grand Total: 193 creatures vanquished

Notes
Turn   | Place    | Note
-------+----------+-------------------------------------------
     0 | D:1      | JeffiDaFish the Spriggan Necromancer began the quest for
                  | the Orb.
     0 | D:1      | Reached XP level 1. HP: 9/9 MP: 5/5
   187 | D:1      | Learned a level 1 spell: Animate Skeleton
   234 | D:1      | Reached skill level 3 in Spellcasting
   389 | D:1      | Reached XP level 2. HP: 12/13 MP: 4/7
  1297 | D:2      | Reached XP level 3. HP: 13/16 MP: 3/9
  1831 | D:2      | Noticed Jessica
  1841 | D:2      | Killed Jessica
  1841 | D:2      | Reached XP level 4. HP: 9/21 MP: 5/10
  2057 | D:2      | Reached skill level 4 in Spellcasting
  2109 | D:2      | Learned a level 3 spell: Vampiric Draining
  2113 | D:2      | Learned a level 3 spell: Regeneration
  3230 | D:4      | Noticed Dowan
  3256 | D:4      | Noticed Duvessa
  3290 | D:4      | Killed Dowan
  3290 | D:4      | Reached XP level 5. HP: 16/24 MP: 0/13
  3712 | D:4      | Reached skill level 5 in Spellcasting
  3751 | D:4      | Killed Duvessa
  3751 | D:4      | Reached skill level 5 in Dodging
  3751 | D:4      | Reached skill level 5 in Necromancy
  3751 | D:4      | Reached XP level 6. HP: 8/28 MP: 0/15
  4012 | D:4      | Found an iron altar of Okawaru.
  4133 | D:4      | Learned a level 4 spell: Animate Dead
  4164 | D:4      | Noticed Grinder
  4171 | D:4      | Paralysed by Grinder for 2 turns
  4814 | D:4      | Noticed Sigmund
  4828 | D:4      | Killed Sigmund
  4828 | D:4      | Reached skill level 6 in Spellcasting
  4828 | D:4      | Reached XP level 7. HP: 27/32 MP: 9/17
  5164 | D:5      | Entered Level 5 of the Dungeon
  5321 | D:5      | Noticed Prince Ribbit
  5331 | D:5      | Killed Prince Ribbit
  5331 | D:5      | Reached skill level 7 in Spellcasting
  5431 | D:5      | Noticed Blork the orc
  5441 | D:5      | Killed Blork the orc
  5770 | D:5      | Reached XP level 8. HP: 23/36 MP: 8/20
  5999 | D:5      | Found a runed translucent door.
  6000 | D:5      | Noticed Crazy Yiuf
  6012 | D:5      | Killed Crazy Yiuf
  6233 | D:6      | Found a staircase to the Ecumenical Temple.
  6241 | Temple   | Entered the Ecumenical Temple
  6305 | Temple   | Became a worshipper of Kikubaaqudgha
  7247 | D:7      | Reached skill level 8 in Spellcasting
  7849 | D:7      | Got a scintillating jade ring
  7863 | D:7      | Got a bound glass ring
  7949 | D:7      | Learned a level 3 spell: Dazzling Spray
  7987 | D:7      | Found Deuxke's Armour Shop.
  7988 | D:7      | Identified the ring "Ynitwol" {+Fly rElec} (You found it on
                  | level 7 of the Dungeon)
  7992 | D:7      | Identified the ring of the Furies {rPois rF+ MR+ Int+4}
                  | (You found it on level 7 of the Dungeon)
  8001 | D:7      | Bought a +0 robe of magic resistance for 107 gold pieces
  8048 | D:7      | Noticed a hippogriff
  8064 | D:7      | Killed a hippogriff
  8064 | D:7      | Reached skill level 9 in Spellcasting
  8064 | D:7      | Reached skill level 1 in Hexes
  8160 | D:7      | Reached XP level 9. HP: 33/39 MP: 21/23
  8198 | D:7      | Reached * piety under Kikubaaqudgha
  8198 | D:7      | Identified Kikubaaqudgha's Reference Book on Darkness
                  | (Kikubaaqudgha gifted it to you on level 7 of the Dungeon)
  8198 | D:7      | Received a gift from Kikubaaqudgha
  8347 | D:7      | Found a large runed translucent door.
  8348 | D:7      | Found a large runed translucent door.
  8351 | D:7      | Noticed MsNecromancer's ghost (novice MiNe)
  8840 | D:8      | Reached skill level 1 in Short Blades
  9550 | D:8      | Reached skill level 10 in Spellcasting
 10299 | D:9      | Upgraded the game from 0.24-a0-189-g5d897e9 to
                  | 0.24-a0-201-gf205589
 10652 | D:9      | Reached XP level 10. HP: 17/44 MP: 4/25
 10709 | D:9      | Reached ** piety under Kikubaaqudgha
 10953 | D:9      | Found a runed translucent gate.
 10953 | D:9      | Found a runed translucent gate.
 10954 | D:9      | Noticed a ten-headed hydra
 10955 | D:9      | Found a runed translucent gate.
 10955 | D:9      | Noticed sokol815's ghost (novice OpFi)
 11016 | D:9      | Found a staircase to the Lair.
 11093 | D:9      | Reached skill level 11 in Spellcasting
 11530 | D:9      | Found a stormy altar of Qazlal.
 11531 | D:9      | Found a deep blue altar of Sif Muna.
 11620 | D:9      | Found a glowing golden altar of the Shining One.
 11846 | D:9      | Found a staircase to the Orcish Mines.
 12000 | Lair:1   | Entered Level 1 of the Lair of Beasts
 12012 | Lair:1   | Found a runed translucent gate.
 12013 | Lair:1   | Found a runed translucent gate.
 12014 | Lair:1   | Found a runed translucent gate.
 12021 | Lair:1   | Noticed Harold
 12374 | Lair:1   | Noticed a spiny frog
 12383 | Lair:1   | Killed a spiny frog
 12383 | Lair:1   | Reached skill level 5 in Hexes
 12421 | Lair:1   | Noticed a spiny frog
 12433 | Lair:1   | Slain by a spiny frog

Levels and vault maps discovered:
D:1:      minmay_arrival_doors, layout_basic
D:2:      layout_basic, first_ration, uniq_jessica
D:3:      layout_basic, minmay_misc_feat_rugged
D:4:      layout_loops_ring, okawaru_altar_gauntlet_db, uniq_sigmund,
          uniq_grinder, uniq_duvessa
D:5:      layout_basic, uniq_prince_ribbit1, uniq_crazy_yiuf_cottage,
          uniq_blork_the_orc
D:6:      layout_gridville, minmay_temple_entry_slanted
D:7:      layout_rooms, serial_shops,
          nicolae_shop_temple_entry_statues_fountains,
          ebering_ghost_disaster_area, the_bakery
D:8:      layout_basic
D:9:      layout_loops_ring, nicolae_overflow_hidden_temple, david_lair_generic,
          hiddenorc1_lemuel, gammafunk_ghost_hydra_chop
Temple:   compressed_dpeg_circular_temple
Lair:1:   layout_chaotic_city, gammafunk_ghost_icy, uniq_harold

Skill      XL: |  1  2  3  4  5  6  7  8  9 10 |
---------------+-------------------------------+-----
Spellcasting   | 3 4 5 6 7 9 10 11 | 11.5
Necromancy     | 4 5 6 7 9 |  9.5
Dodging        | 4 5 6 8 |  8.0
Hexes          | 1 4 5 |  5.1
Short Blades   | 3 4 |  4.1
Stealth        | |  3.2

Action                   |  1- 3 |  4- 6 |  7- 9 | 10-12 || total
-------------------------+-------+-------+-------+-------++-------
Melee: Hand axe          |    10 |       |       |       ||    10
       Dagger            |    36 |   101 |   461 |   117 ||   715
 Cast: Pain              |    37 |    73 |   102 |    41 ||   253
       Animate Skeleton  |    15 |    12 |    12 |     1 ||    40
       Vampiric Draining |       |    13 |    47 |    14 ||    74
       Regeneration      |       |     4 |    22 |     4 ||    30
       Animate Dead      |       |     1 |     8 |     8 ||    17
Invok: Receive Corpses   |       |       |     1 |       ||     1
  Use: Scroll            |     4 |     4 |     9 |       ||    17
       Potion            |     2 |     3 |     3 |       ||     8
 Stab: Sleeping          |     2 |     3 |     9 |     3 ||    17
       Distracted        |       |       |     1 |       ||     1
  Eat: Ration            |       |     1 |     4 |     1 ||     6
Armor: Robe              |    11 |     7 |    40 |     9 ||    67
Dodge: Dodged            |    39 |   134 |   527 |    96 ||   796

Table legend:
 A = Non-vault XP
 B = Vault XP
 C = Vault XP percentage of total XP
 D = Non-vault monster count
 E = Vault monster count
 F = Vault count percentage of total count
                 A         B        C        D         E       F
            +---------+---------+-------+---------+---------+-------
      Total |    5764 |    2112 |  26.8 |     152 |      35 |  18.7
            +---------+---------+-------+---------+---------+-------
        D:1 |      31 |       0 |   0.0 |      19 |       0 |   0.0
        D:2 |      85 |      32 |  27.4 |      27 |       1 |   3.6
        D:3 |      24 |       0 |   0.0 |      14 |       0 |   0.0
        D:4 |     293 |     468 |  61.5 |      11 |       9 |  45.0
        D:5 |     235 |     416 |  63.9 |       9 |       3 |  25.0
        D:6 |     171 |       0 |   0.0 |      11 |       0 |   0.0
        D:7 |    1375 |     202 |  12.8 |      20 |       1 |   4.8
        D:8 |    1072 |       0 |   0.0 |      13 |       0 |   0.0
        D:9 |    1732 |     994 |  36.5 |      24 |      21 |  46.7
     Lair:1 |     746 |       0 |   0.0 |       4 |       0 |   0.0
            +---------+---------+-------+---------+---------+-------
